 Dungeon Crawl Stone Soup version 0.31-a0-1331-g3627872 (webtiles) character file.

Game seed: 2349847342952023254

518517 sdynet the Hoplite (level 25, -4/157 HPs)
             Began as a Merfolk Alchemist on Dec 20, 2023.
             Was a High Priest of Hepliaklqana.
             Killed from afar by a deep elf zephyrmancer (7 damage)
             ... with a bolt of lightning
             ... on level 3 of the Elven Halls on Dec 21, 2023.
             The game lasted 04:22:05 (54772 turns).

sdynet the Hoplite (Merfolk Alchemist)             Turns: 54772, Time: 04:22:06

Health: -4/157     AC: 11    Str: 15    XL:     25   Next: 22%
Magic:  14/48      EV: 16    Int: 31    God:    Hepliaklqana [*****.]
Gold:   4116       SH: 25    Dex: 14    Spells: 2/67 levels left

rFire   + + .        a - staff of Res Judicata {Conj Hexes Summ}
rCold   + + .        w - +2 tower shield {rC+}
rNeg    + + +        t - +2 robe {Will+}
rPois   +            J - +1 hat {Stlth+}
rElec   +            E - +0 cloak of Piemiumn {rPois Int+2}
rCorr   .            G - +2 pair of gloves "Oqesosod" {rF+ Str+5}
SInv    +            s - +1 pair of boots {Stlth+}
Will    +++..        P - amulet of the Original Sin {rF+ rN++ Regen+}
Stlth   ++++++       T - ring of willpower
HPRegen 1.26/turn    H - ring "Puap" {rElec rC+ rN+ Int+4 SInv}
MPRegen 0.31/turn

%: no passive effects
@: brilliant, death channelling, studying Stealth
A: reduced essence, (nimble swimmer 2), mertail, mutation resistance 1
}: 3/15 runes: decaying, silver, gossamer
a: Renounce Religion, Recall Ancestor, Ancestor Identity, Transference, Idealise


You were on level 3 of the Elven Halls.
You worshipped Hepliaklqana.
Hepliaklqana was extremely pleased with you.
You visited 8 branches of the dungeon, and saw 39 of its levels.
You also visited: Bailey, Gauntlet and Ice Cave.

You collected 5974 gold pieces.
You spent 1858 gold pieces at shops.

Inventory:

Missiles
 o - 13 javelins
 F - 12 datura-tipped darts
 N - 5 silver javelins
Armour
 f - the +1 pair of gloves of the Skies Above {MP+9 Stlth+}
   (You found it on level 5 of the Vaults)

   MP+9:      It affects your magic capacity (+9).
   Stlth+:    It makes you more stealthy.
 s - a +1 pair of boots of stealth (worn)
 t - a +2 robe of willpower (worn)
 w - a +2 tower shield of cold resistance (worn)
 E - the +0 cloak of Piemiumn (worn) {rPois Int+2}
   (You found it in a Gauntlet)

   Int+2:     It affects your intelligence (+2).
   rPois:     It protects you from poison
 G - the +2 pair of gloves "Oqesosod" (worn) {rF+ Str+5}
   (You found it in a bailey)

   Str+5:     It affects your strength (+5).
   rF+:       It protects you from fire.
 J - a +1 hat of stealth (worn)
Magical Staves
 a - the staff of Res Judicata (weapon) {Conj Hexes Summ}
   (You found it in a Gauntlet)

   [staff of conjuration]

   Base accuracy: +5 Base damage: 5 Base attack delay: 1.2 This weapon's minimum
   attack delay (0.6) is reached at skill level 12.
   Conj:      It increases the power of your Conjurations spells.
   Hexes:     It increases the power of your Hexes spells.
   Summ:      It increases the power of your Summonings spells.
   It falls into the 'Staves' category.
   It is a one-handed weapon.
Jewellery
 c - a ring of see invisible
 H - the ring "Puap" (right hand) {rElec rC+ rN+ Int+4 SInv}
   (You found it in a Gauntlet)

   [ring of protection from cold]

   Int+4:     It affects your intelligence (+4).
   rC+:       It protects you from cold.
   rElec:     It insulates you from electricity.
   rN+:       It protects you from negative energy.
   SInv:      It lets you see invisible.
 P - the amulet of the Original Sin (around neck) {rF+ rN++ Regen+}
   (You found it in a Gauntlet)

   [amulet of regeneration]

   rF+:       It protects you from fire.
   rN++:      It greatly protects you from negative energy.
   Regen+:    It increases your rate of health regeneration.
 T - a ring of willpower (left hand)
Wands
 y - a wand of flame (45)
 z - a wand of roots (1)
 Q - a wand of digging (4)
Scrolls
 b - a scroll of amnesia
 d - a scroll of summoning {!r}
 g - 6 scrolls of fear {!r}
 i - 17 scrolls of blinking
 j - 9 scrolls of fog {!r}
 q - 5 scrolls of revelation {!r}
 r - 5 scrolls of immolation
 u - 4 scrolls of poison
 A - 15 scrolls of identify
 C - 18 scrolls of teleportation {!r}
 I - a scroll of silence {!r}
 S - 9 scrolls of vulnerability
Potions
 e - 2 potions of haste {!q}
 h - a potion of magic {!q}
 k - 4 potions of enlightenment {!q!q}
 l - 2 potions of brilliance {!q}
 p - 4 potions of cancellation {!q}
 v - 5 potions of curing {!q}
 x - 4 potions of ambrosia {!q}
 B - 4 potions of attraction
 D - a potion of invisibility {!q}
 L - a potion of heal wounds {!q}
Miscellaneous
 m - a tin of tremorstones (2/2)
 n - a phial of floods
 V - a lightning rod (3/4)
 W - a phantom mirror


   Skills:
 - Level 9.0 Fighting
 - Level 9.0 Dodging
 - Level 10.0 Stealth
 + Level 24.6 Shields
 - Level 21.5 Spellcasting
 - Level 6.0 Conjurations
 - Level 4.5 Summonings
 + Level 7.9 Necromancy
 - Level 1.0 Translocations
 - Level 4.0 Fire Magic
 + Level 6.4 Ice Magic
 - Level 1.0 Air Magic
 - Level 3.0 Earth Magic
 - Level 21.0 Alchemy
 - Level 9.0 Invocations
 - Level 3.0 Evocations


You had 2 spell levels left.
You knew the following spells:

 Your Spells              Type           Power      Damage    Failure   Level
a - Stone Arrow           Conj/Erth      100%       3d13      1%          3
b - Mercury Vapours       Alch/Air       100%       N/A       1%          2
c - Mephitic Cloud        Conj/Alch/Air  100%       N/A       1%          3
d - Olgreb's Toxic Radia  Alch           100%       N/A       0%          4
e - Sticky Flame          Fire/Alch      100%       2d15      1%          4
f - Fulminant Prism       Conj/Alch      66%        3d28      1%          4
g - Ignite Poison         Fire/Alch      100%       N/A       1%          4
h - Alistair's Intoxicat  Alch           85%        N/A       0%          5
i - Dispel Undead         Necr           90%        3d29      1%          4
j - Leda's Liquefaction   Alch/Erth      52%        N/A       1%          4
k - Summon Guardian Gole  Hex/Summ       100%       N/A       1%          3
l - Brom's Barrelling Bo  Conj/Erth      95%        2d10      1%          4
m - Death Channel         Necr           45%        N/A       8%          6
n - Petrify               Alch/Erth      100%       N/A       1%          4
o - Simulacrum            Ice/Necr       43%        N/A       10%         6
q - Blink                 Tloc           100%       N/A       1%          2
A - Apportation           Tloc           100%       N/A       1%          1
P - Passwall              Alch/Erth      86%        N/A       0%          2

Your spell library contained the following spells:

 Spells                   Type           Power      Damage    Failure   Level
 Sting                    Conj/Alch      100%       1d9       0%          1
 Kiss of Death            Conj/Necr      100%       2d13      1%          1
 Magic Dart               Conj           100%       1d8       1%          1
 Shock                    Conj/Air       100%       1d9       1%          1
 Call Imp                 Summ           100%       N/A       1%          2
 Cigotuvi's Dreadful Rot  Necr/Alch/Air  100%       N/A       1%          2
 Ensorcelled Hibernation  Hex/Ice        100%       N/A       1%          2
 Jinxbite                 Hex            100%       N/A       1%          2
 Lesser Beckoning         Tloc           100%       N/A       1%          2
 Momentum Strike          Conj/Tloc      100%       3d10      1%          2
 Searing Ray              Conj           100%       2d8       1%          2
 Call Canine Familiar     Summ           95%        N/A       1%          3
 Dazzling Flash           Conj/Hex       100%       N/A       1%          3
 Frozen Ramparts          Ice            100%       1d16      1%          3
 Fugue of the Fallen      Necr           90%        N/A       1%          3
 Ozocubu's Armour         Ice            84%        N/A       1%          3
 Animate Dead             Necr           90%        N/A       1%          4
 Summon Ice Beast         Ice/Summ       100%       N/A       1%          4
 Swiftness                Air            56%        N/A       2%          3
 Anguish                  Hex/Necr       46%        N/A       2%          4
 Animate Armour           Summ/Erth      100%       N/A       2%          4
 Confusing Touch          Hex            66%        N/A       3%          3
 Sigil of Binding         Hex            66%        N/A       3%          3
 Borgnjor's Vile Clutch   Necr/Erth      39%        N/A       3%          5
 Iskenderun's Battlesphe  Conj           100%       2d15      3%          5
 Fireball                 Conj/Fire      49%        3d19      4%          5
 Freezing Cloud           Conj/Ice/Air   47%        6-21      5%          5
 Airstrike                Air            28%        2d(4-20)  9%          4
 Manifold Assault         Tloc           56%        N/A       9%          4
 Passage of Golubria      Tloc           56%        N/A       9%          4
 Vhi's Electric Charge    Tloc/Air       100%       N/A       9%          4
 Arcjolt                  Conj/Air       44%        1d54      9%          5
 Metabolic Englaciation   Hex/Ice        44%        N/A       10%         5
 Dimensional Bullseye     Hex/Tloc       35%        N/A       11%         4
 Cause Fear               Hex            33%        N/A       13%         4
 Summon Mana Viper        Hex/Summ       100%       N/A       14%         5
 Bombard                  Conj/Erth      47%        9d8       30%         6
 Conjure Ball Lightning   Conj/Air       44%        3x3d15    43%         6
 Plasma Beam              Fire/Air       32%        2x1d45    56%         6
 Ozocubu's Refrigeration  Ice            42%        4d16      58%         7
 Haunt                    Necr/Summ      52%        N/A       63%         7
 Orb of Destruction       Conj           51%        9d13      67%         7
 Spellforged Servitor     Conj/Summ      61%        N/A       77%         7
 Monstrous Menagerie      Summ           47%        N/A       86%         7
 Borgnjor's Revivificati  Necr           45%        N/A       97%         8
 Enfeeble                 Hex            33%        N/A       100%        7
 Discord                  Hex            33%        N/A       100%        8
 Ignition                 Fire           36%        3d11      100%        8
 Lehudib's Crystal Spear  Conj/Erth      47%        10d11     100%        8
 Chain Lightning          Conj/Air       44%        3d59      100%        9
 Death's Door             Necr           45%        N/A       100%        9
 Polar Vortex             Ice            42%        12d5*     100%        9


Dungeon Overview and Level Annotations

Branches:
Dungeon (15/15)            Temple (1/1) D:4            Lair (5/5) D:11
  Swamp (4/4) Lair:2       Spider (4/4) Lair:3        Slime (0/5) Lair:4
    Orc (2/2) D:9             Elf (3/3) Orc:2        Vaults (5/5) D:13
  Crypt (0/3) Vaults:3     Depths (0/4) D:15         Bailey (visited)
  IceCv (visited)         Gauntlet (visited)

Altars:
Ashenzari
Cheibriados
Dithmenos
Elyvilon
Fedhas
Gozag
Hepliaklqana
Kikubaaqudgha
Makhleb
Nemelex Xobeh
Okawaru
Qazlal
Ru
Sif Muna
Trog
Uskayaw
Vehumet
Wu Jian
Xom
Yredelemnul
Zin
The Shining One
Jiyva

Shops:
D:8 [   D:13 *   Orc:2 (((:(   Elf:1 ::[   Vaults:1 ?   Vaults:2 (   Vaults:3 !

Portals:
Trove: Elf:2 (give horn of Geryon)

Annotations:
D:10 4 transporters
Swamp:4 2 transporters, Truedra's ghost, adept DsAl
Spider:1 1 runed translucent door, Goriov's ghost, journeyman DECj
Elf:2 3 runed translucent doors
Vaults:2 Boris


Innate Abilities, Weirdness & Mutations

Your life essence is reduced to manifest your ancestor. (-10% HP)
((You are very nimble when in or above water. (Stealth+, EV+, Speed+++)))
Your lower body shifts to a powerful aquatic tail in water.
You are somewhat resistant to further mutation.


Message History

You feel better. 야통이 blocks the fire elemental's attack. 야통이 hits the fire elemental with a +0 broad axe of speed! 야통이 hits the deep elf high priest with a +0 broad axe of speed.
The deep elf high priest dies!
A freezing mist starts to gather... 야통이 misses the fire elemental. 야통이 closely misses something.
A freezing mist starts to gather... x2
A glowing mist starts to gather...
Something hits 야통이 but does no damage.
The fire elemental hits 야통이.
The fire elemental misses 야통이. 야통이 blocks something's attack.
The deep elf zephyrmancer gestures at you while chanting.
The bolt of lightning hits the fire elemental.
The fire elemental resists.
The fire elemental is destroyed!
The fire elemental disappears in a puff of smoke!
The bolt of lightning hits you. You resist.
* * * LOW HITPOINT WARNING * * *
야통이 completely misses the fire elemental. 야통이 hits the fire elemental with a +0 broad axe of speed!!
The fire elemental is destroyed!
The fire elemental disappears in a puff of smoke! 야통이 hits something with a +0 broad axe of speed!
You hear a shout! x4
Hepliaklqana grants 야통이 healing and protection! 야통이 is healed somewhat. 야통이 hits the fire elemental with a +0 broad axe of speed!!!
The fire elemental is destroyed!
The fire elemental disappears in a puff of smoke! 야통이 closely misses something.
Your deep elf high priest simulacrum shatters!!!
Your deep elf high priest simulacrum vaporises!
The icy blast hits you!! You partially resist.
* * * LOW HITPOINT WARNING * * *
The deep elf pyromancer gestures at you while chanting.
You hear a sizzling sound!
Your spectral deep elf high priest is engulfed in blazing flames.
The deep elf zephyrmancer points at you and mumbles some strange words.
The bolt of lightning hits you! You resist.
You die... ##...## .Zee. °☼☼§Z .# §§§ ## R)○

.#### ##
#§######### .....
§§§####)☼§#####.#
..###
###§§§☼@.§○.○§#.#
....#
§§§§§○§§..§§○§§..
..#..
###..§..§§☼§§§#.#
.....
###.#.§○§☼§§§.#
..#..
#)#§☼☼§#####
..... #.#§○§§#
##..
######.#○☼§○# . .
. #......§○☼§§#
.. .#
#.###########
....


You could see the friendly 야통이 the knight (fast, idealised, reflecting), a deep
elf pyromancer (empowered, ally target), a deep elf zephyrmancer (empowered), a
friendly spectral deep elf high priest and a friendly deep elf high priest
simulacrum.

Vanquished Creatures
  2 dread liches (Vaults:5)
  An ancient lich (Vaults:5)
  Xtahua (Vaults:3)
  The ghost of Jachav the Sorcerer, a veteran DECj of Vehumet (Vaults:2)
  Margery (Vaults:2)
  A hellephant (Vaults:2)
  Rupert (Orc:2)
  Jorgrun (D:14)
  2 tentacled monstrosities
  Mlioglotl (Swamp:2)
  2 titans (Vaults:5)
  4 sphinxes
  Asterion (Vaults:3)
  3 tengu reavers
  Gastronok (D:12)
  Kirke (Swamp:4)
  Aizul (Spider:1)
  Donald (Spider:1)
  2 shadow dragons (Vaults:5)
  Frances (Swamp:2)
  A fenstrider witch (Swamp:3)
  2 azure jellies (IceCv)
  A fire giant (Vaults:5)
  A rockslime (IceCv)
  A frost giant (Vaults:5)
  4 emperor scorpions
  A deep elf sorcerer (Vaults:5)
  16 vault wardens
  A deep elf elementalist (Elf:3)
  3 ghost moths
  2 ghouls
  5 orc warlords
  3 stone giants (Vaults:5)
  16 ironbound preservers
  3 quicksilver oozes (IceCv)
  4 formless jellyfish
  2 war gargoyles
  7 ironbound thunderhulks
  A deep elf annihilator (Elf:2)
  2 deep elf death magi
  3 eleionomae
  A spark wasp (Spider:2)
  A minotaur (Gauntlet)
  7 dire elephants
  3 bunyips
  An eidolon (Elf:2)
  6 ettins (Vaults:5)
  Snorg (D:11)
  2 crystal guardians (Vaults:4)
  4 yaktaur captains
  A shambling mangrove (Swamp:2)
  A jiangshi (Vaults:3)
  The ghost of Kaofanam the Nimble, a journeyman DjFE of Makhleb (D:12)
  2 deep elf high priests
  4 entropy weavers
  2 rakshasas (D:15)
  41 vault guards
  Fannar (D:12)
  A ghost crab (Swamp:3)
  A peacekeeper (Vaults:4)
  A great orb of eyes (Vaults:3)
  6 alligators
  2 ice dragons
  Erolcha (D:11)
  10 hydras
  6 ogre magi
  5 radroaches
  18 two-headed ogres
  15 boulder beetles
  3 catoblepae
  6 ironbound frosthearts
  A spriggan air mage (Swamp:2)
  A merfolk avatar (Lair:5)
  21 centaur warriors
  2 tengu warriors
  A dancing weapon (Elf:1)
  2 orc high priests (Orc:1)
  A death yak (Lair:4)
  A spriggan berserker (Swamp:2)
  3 demonic crawlers
  A vampire mage (Vaults:3)
  2 hell knights (Vaults:2)
  6 deep elf knights
  An iron troll (Vaults:5)
  A fire crab (Gauntlet)
  2 pharaoh ants
  4 goliath frogs
  A titan skeleton (Vaults:5)
  38 deep trolls
  Lodul (D:14)
  A sun moth (Spider:2)
  A skyshark (Lair:5)
  3 spriggan druids
  A golden dragon zombie (Vaults:4)
  7 swamp dragons (Swamp:4)
  9 orb spiders
  An orange crystal statue (IceCv)
  A bog body (Swamp:3)
  2 phantasmal warriors
  A sea snake (Lair:5)
  6 lindwurms
  8 arcanists
  6 necromancers
  10 ironbound convokers
  11 deep elf pyromancers
  8 orc knights
  7 deep elf archers
  10 deep elf zephyrmancers
  3 harpies
  3 orc sorcerers
  7 cyclopes
  5 steelbarb worms
  An oklob plant (Lair:4)
  11 wolf spiders
  2 will-o-the-wisps
  17 ugly things
  A manticore (Lair:5)
  3 moths of wrath
  16 elephants
  3 black mambas
  11 vault sentinels
  3 kobold blastminers (Orc:1)
  2 torpor snails
  15 cane toads
  A gargoyle (D:8)
  3 rime drakes
  A minotaur zombie (Gauntlet)
  8 komodo dragons
  3 freezing wraiths
  4 tengu conjurers
  19 yaktaurs
  6 tyrant leeches
  A bloated husk (Swamp:1)
  3 meliai (Spider:4)
  2 trolls
  6 polar bears
  Prince Ribbit (D:5)
  2 wind drakes (Lair:5)
  25 hornets
  16 blink frogs
  A snapping turtle (Lair:5)
  11 tarantellas
  A raiju (D:15)
  A glass eye (Elf:2)
  A human skeleton (Vaults:5)
  26 slime creatures
  6 flying skulls (Gauntlet)
  A shadow (D:12)
  Sigmund (D:2)
  16 spriggans
  34 yaks
  18 jumping spiders
  5 wyverns
  17 humans
  A wraith (D:12)
  16 culicivoras
  3 fire bats (Gauntlet)
  4 basilisks
  A hog (shapeshifter) (Vaults:5)
  35 redbacks
  6 hogs (Swamp:4)
  A warg (shapeshifter) (D:15)
  9 wargs
  A steam dragon (D:8)
  A redback (shapeshifter) (Vaults:1)
  Menkaure (D:5)
  8 vampire mosquitoes
  A swamp worm (shapeshifter) (Elf:2)
  11 swamp worms
  2 acid dragons
  A hell hound (Spider:1)
  Duvessa (D:7)
  14 water moccasins
  7 swamp drakes (Swamp:4)
  29 orc warriors
  2 black bears
  39 ogres
  10 boggarts
  7 wolves
  A crocodile (shapeshifter) (D:13)
  12 centaurs
  11 kobold brigands
  4 bullfrogs
  2 phantoms
  2 slime creature simulacra (IceCv)
  2 glowing shapeshifter simulacra (IceCv)
  A scorpion (D:4)
  8 wights
  Dowan (D:7)
  5 killer bees (D:9)
  2 howler monkeys
  10 electric eels
  A crimson imp (D:11)
  5 hounds
  4 jellies
  Crazy Yiuf (D:6)
  11 orc priests
  4 iguanas
  A sleepcap (D:6)
  19 orc wizards
  5 hell rats (Lair:5)
  7 gnolls
  4 adders
  2 shadow imps
  2 white imps
  2 ufetubi (D:5)
  A worm (D:3)
  2 dart slugs
  82 orcs
  3 bats
  9 endoplasms
  4 giant cockroaches
  A goblin (D:2)
  5 hobgoblins
  2 jackals (D:1)
  2 quokkas
  7 ball pythons
  A frilled lizard (D:3)
  33 kobolds
  4 rats
  A fulminant prism (D:14)
1285 creatures vanquished.

Vanquished Creatures (collateral kills)
  2 dread liches
  Saint Roka (Orc:2)
  2 golden dragons (Vaults:5)
  Nikola (Spider:1)
  4 tentacled monstrosities
  4 liches
  4 sphinxes
  2 tengu reavers (Vaults:5)
  2 shadow dragons (Vaults:5)
  An azure jelly (IceCv)
  2 fire giants (Vaults:5)
  6 vault wardens
  An emperor scorpion (Spider:4)
  An orc warlord (Vaults:4)
  2 ghouls (Swamp:2)
  3 ghost moths
  A quicksilver ooze (IceCv)
  2 formless jellyfish
  A stone giant (Vaults:5)
  6 ironbound preservers
  4 war gargoyles
  A broodmother (Spider:2)
  Azrael (Spider:1)
  3 ironbound thunderhulks
  2 dire elephants (Vaults:1)
  3 deep elf death magi
  A spark wasp (Spider:4)
  4 bunyips
  2 deep elf high priests
  3 ettins
  2 crystal guardians (Vaults:4)
  An entropy weaver (Spider:4)
  2 shambling mangroves
  4 yaktaur captains
  7 great orbs of eyes
  A rakshasa (D:15)
  6 vault guards
  4 ironbound frosthearts
  4 peacekeepers
  3 centaur warriors
  A jorogumo (Spider:3)
  6 hydras
  A boulder beetle (Spider:2)
  A satyr (shapeshifter) (Vaults:5)
  2 two-headed ogres (Orc:2)
  7 dancing weapons
  2 tengu warriors (D:14)
  A spriggan berserker (Swamp:2)
  2 deep troll earth magi
  2 demonic crawlers
  5 deep elf knights
  A goliath frog (Swamp:3)
  2 swamp dragons
  14 deep trolls
  A deep elf archer (Elf:3)
  3 bog bodies
  3 spriggan druids
  3 steelbarb worms
  2 arcanists
  An orange crystal statue (IceCv)
  An orc knight (Vaults:5)
  4 harpies (Vaults:1)
  A lindwurm (Vaults:1)
  6 wolf spiders
  6 deep elf pyromancers
  2 ironbound convokers
  2 phantasmal warriors
  A cyclops (shapeshifter) (Vaults:5)
  8 ugly things
  A frost giant zombie (Vaults:4)
  8 deep elf zephyrmancers
  4 will-o-the-wisps
  An orc sorcerer (D:15)
  A cyclops (D:15)
  2 elephants
  A centaur zombie (D:15)
  A stone giant skeleton (Vaults:4)
  A moth of wrath (shapeshifter) (Vaults:5)
  A human skeleton (Vaults:5)
  A titan simulacrum (Vaults:3)
  11 slime creatures
  A black mamba (Lair:4)
  8 vault sentinels
  5 cane toads
  2 yaktaurs (Vaults:3)
  A rime drake (Lair:5)
  2 centaur skeletons (D:15)
  A freezing wraith (Vaults:5)
  A tengu conjurer (D:15)
  2 polar bears
  2 trolls
  A polar bear (shapeshifter) (D:12)
  3 tarantellas (Spider:1)
  5 tyrant leeches
  3 blink frogs
  A glass eye (shapeshifter) (Vaults:5)
  2 hornets
  A glass eye (Elf:2)
  A snapping turtle (shapeshifter) (Vaults:5)
  5 air elementals
  3 culicivoras
  2 flying skulls (Gauntlet)
  14 yaks
  A jumping spider (Spider:1)
  3 water elementals
  4 spriggans
  A wyvern (D:10)
  5 fire elementals
  A warg (Orc:1)
  6 redbacks
  3 basilisks
  5 vampire mosquitoes
  3 swamp worms
  4 great orb of eyes simulacra (IceCv)
  3 hell hounds (Spider:1)
  A glowing shapeshifter zombie (Vaults:5)
  2 water moccasins
  7 orc warriors
  2 boggarts
  A centaur (D:9)
  3 ogres (Orc:1)
  3 wolves
  7 slime creature simulacra (IceCv)
  A kobold brigand (Bailey)
  4 glowing shapeshifter simulacra (IceCv)
  A gnoll sergeant (D:12)
  5 bullfrogs
  An earth elemental (Elf:1)
  A howler monkey (D:12)
  An orc priest (Orc:2)
  A hell rat (Lair:5)
  5 orc wizards
  A gnoll (D:12)
  3 orcs
  An endoplasm (Lair:4)
  2 boulders
388 creatures vanquished.

Vanquished Creatures (others)
  A tengu reaver (Vaults:5)
  3 yaktaur captains
  A hydra (Swamp:1)
  An ogre mage (D:11)
  A centaur warrior (Vaults:1)
  A deep elf archer (Elf:3)
  2 deep elf zephyrmancers (Elf:1)
  A vault sentinel (Vaults:4)
  An elf skeleton (Vaults:4)
  3 yaktaurs
  A human skeleton (Vaults:4)
  A bloated husk (Swamp:3)
  A water elemental (Elf:1)
  A fire elemental (Elf:3)
  A swamp worm (Swamp:2)
  A boggart (Vaults:1)
  2 ancestors
  15 knights
  An orc (D:9)
  3 boulders
  26 foxfires
  87 fulminant prisms
155 creatures vanquished.

Grand Total: 1828 creatures vanquished

Notes
Turn   | Place    | Note
-------+----------+-------------------------------------------
     0 | D:1      | sdynet the Merfolk Alchemist began the quest for the Orb.
     0 | D:1      | Reached XP level 1. HP: 13/13 MP: 3/3
   184 | D:1      | Reached skill level 1 in Conjurations
   234 | D:1      | Reached XP level 2. HP: 18/19 MP: 1/5
   775 | D:1      | Learned a level 2 spell: Mercury Vapours
   975 | D:2      | Reached XP level 3. HP: 24/24 MP: 6/6
  1157 | D:2      | Learned a level 3 spell: Mephitic Cloud
  1418 | D:2      | Found a glowing silver altar of Zin.
  1418 | D:2      | Noticed Sigmund
  1425 | D:2      | Killed Sigmund
  1426 | D:2      | Reached skill level 5 in Alchemy
  1426 | D:2      | Reached XP level 4. HP: 18/30 MP: 1/9
  1426 | D:2      | Reached XP level 5. HP: 21/35 MP: 1/10
  1705 | D:2      | Learned a level 4 spell: Olgreb's Toxic Radiance
  1966 | D:3      | Reached XP level 6. HP: 38/41 MP: 4/11
  2937 | D:3      | Found a faded altar of an unknown god.
  3118 | D:4      | Noticed a water moccasin
  3136 | D:4      | Killed a water moccasin
  3137 | D:4      | Reached skill level 1 in Air Magic
  3373 | D:4      | Reached XP level 7. HP: 46/46 MP: 8/13
  3433 | D:4      | Learned a level 4 spell: Sticky Flame
  3847 | D:5      | Entered Level 5 of the Dungeon
  4121 | D:5      | Noticed Prince Ribbit
  4133 | D:5      | Killed Prince Ribbit
  4134 | D:5      | Reached skill level 5 in Spellcasting
  4134 | D:5      | Reached skill level 1 in Fire Magic
  4405 | D:5      | Noticed Menkaure
  4409 | D:5      | Killed Menkaure
  4410 | D:5      | Reached XP level 8. HP: 52/52 MP: 11/16
  4857 | D:6      | Got the Papyrus of Enchantment and Violence
  5516 | D:6      | Found a runed translucent door.
  5517 | D:6      | Noticed Crazy Yiuf
  6297 | D:6      | Killed Crazy Yiuf
  6558 | D:7      | Reached skill level 10 in Alchemy
  6558 | D:7      | Reached XP level 9. HP: 57/57 MP: 5/19
  6743 | D:7      | Found a basalt altar of Yredelemnul.
  7011 | D:7      | Noticed Dowan
  7013 | D:7      | Noticed Duvessa
  7016 | D:7      | Killed Dowan
  7021 | D:7      | Killed Duvessa
  7705 | D:8      | Noticed a gargoyle
  7711 | D:8      | Killed a gargoyle
  7982 | D:8      | Reached XP level 10. HP: 63/63 MP: 13/22
  8069 | D:4      | Found a staircase to the Ecumenical Temple.
  8074 | Temple   | Entered the Ecumenical Temple
  8117 | Temple   | Became a worshipper of Hepliaklqana the Forgotten
  8253 | D:8      | Noticed a two-headed ogre
  8262 | D:8      | Killed a two-headed ogre
  8288 | D:7      | Learned a level 5 spell: Alistair's Intoxication
  8532 | D:8      | Found Zyest's Armour Shoppe.
  9197 | D:9      | Found a stormy altar of Qazlal.
  9366 | D:9      | Reached skill level 10 in Spellcasting
  9472 | D:9      | Noticed a centaur warrior
  9552 | D:9      | Reached * piety under Hepliaklqana
 10063 | D:9      | Found a staircase to the Orcish Mines.
 10154 | Orc:1    | Entered Level 1 of the Orcish Mines
 10180 | Orc:1    | Noticed an orc knight
 10183 | Orc:1    | Reached skill level 1 in Fighting
 10341 | D:10     | Entered Level 10 of the Dungeon
 10390 | D:10     | Noticed a two-headed ogre
 10396 | D:10     | Killed a two-headed ogre
 10408 | D:10     | Reached XP level 11. HP: 59/66 MP: 8/25
 10464 | D:10     | Found a blossoming altar of Fedhas.
 10561 | D:10     | Found a flagged portal.
 10571 | Bailey   | Entered a bailey
 10648 | Bailey   | Reached ** piety under Hepliaklqana
 10649 | Bailey   | Remembered your ancestor 야통이 as a knight
 10705 | Bailey   | Identified the +4 plate armour "Xaerei Yjog" {rPois rN+
                  | Str-3}
 10760 | Bailey   | Found an iron altar of Okawaru.
 10774 | Bailey   | Identified the +2 pair of gloves "Oqesosod" {rF+ Str+5}
 10856 | D:10     | Found a transporter.
 10977 | D:10     | Found a transporter.
 11034 | D:10     | Found a transporter.
 11143 | D:10     | Found a transporter.
 11310 | D:11     | Noticed a deep elf pyromancer
 11310 | D:11     | Noticed a boulder beetle
 11310 | D:11     | Noticed a centaur warrior
 11310 | D:11     | Noticed a centaur warrior
 11310 | D:11     | Noticed a centaur warrior
 11310 | D:11     | Noticed an ogre mage
 11313 | D:11     | Gained mutation: You are agile. (Dex +4, Str/Int -1)
                  | [potion of mutation]
 11316 | D:11     | Noticed a two-headed ogre
 11317 | D:11     | Reached skill level 15 in Alchemy
 11323 | D:11     | Killed a deep elf pyromancer
 11324 | D:11     | Killed a centaur warrior
 11327 | D:11     | Killed an ogre mage
 11329 | D:11     | Killed a boulder beetle
 11329 | D:11     | Killed a centaur warrior
 11535 | D:11     | Killed a centaur warrior
 11747 | D:11     | Noticed a boulder beetle
 11755 | D:11     | Killed a boulder beetle
 11869 | D:11     | Noticed a cyclops
 11876 | D:11     | Killed a cyclops
 12022 | D:11     | Noticed a cyclops
 12028 | D:11     | Killed a cyclops
 12102 | D:11     | Reached XP level 12. HP: 69/74 MP: 15/28
 12188 | D:11     | Noticed Snorg
 12203 | D:11     | Killed Snorg
 12275 | D:11     | Noticed Erolcha
 12286 | D:11     | Killed Erolcha
 12682 | D:11     | Found a staircase to the Lair.
 13073 | Lair:1   | Entered Level 1 of the Lair of Beasts
 13084 | Lair:1   | Noticed a five-headed hydra
 13094 | Lair:1   | Killed a five-headed hydra
 13098 | Lair:1   | Noticed a catoblepas
 13106 | Lair:1   | Killed a catoblepas
 13427 | Lair:1   | Reached *** piety under Hepliaklqana
 13470 | Lair:1   | Reached skill level 1 in Invocations
 15033 | Lair:2   | Reached **** piety under Hepliaklqana
 15241 | Lair:2   | Found a staircase to the Swamp.
 15396 | Lair:2   | Reached XP level 13. HP: 79/79 MP: 19/30
 16313 | Lair:3   | Reached skill level 5 in Stealth
 16866 | Lair:3   | Reached ***** piety under Hepliaklqana
 16922 | Lair:3   | Got Xetoh's Octavo of the Mantle and Confrontation
 16928 | Lair:3   | Reached skill level 5 in Dodging
 16961 | Lair:3   | Found a hole to the Spider Nest.
 17532 | Lair:4   | Reached skill level 5 in Invocations
 17595 | Lair:4   | Learned a level 1 spell: Apportation
 17611 | Lair:4   | Learned a level 4 spell: Ignite Poison
 17614 | Lair:4   | Learned a level 2 spell: Passwall
 17751 | Lair:4   | Found a gate leading to a gauntlet.
 17762 | Gauntlet | Entered a Gauntlet
 17762 | Gauntlet | Found a transporter.
 17762 | Gauntlet | Found a transporter.
 17855 | Gauntlet | Found a transporter.
 17869 | Gauntlet | Found a large runed translucent door.
 17870 | Gauntlet | Found a large runed translucent door.
 17871 | Gauntlet | Found a large runed translucent door.
 17871 | Gauntlet | Found a large runed translucent door.
 17871 | Gauntlet | Found a large runed translucent door.
 17871 | Gauntlet | Found a large runed translucent door.
 17871 | Gauntlet | Found a large runed translucent door.
 17871 | Gauntlet | Found a large runed translucent door.
 17872 | Gauntlet | Found a runed translucent door.
 17872 | Gauntlet | Found a runed translucent gate.
 17873 | Gauntlet | Found a transporter.
 17873 | Gauntlet | Found a runed translucent gate.
 17873 | Gauntlet | Found a transporter.
 17873 | Gauntlet | Found a transporter.
 17875 | Gauntlet | Found a transporter.
 17875 | Gauntlet | Found a transporter.
 17891 | Gauntlet | Found a transporter.
 17896 | Gauntlet | Found a runed translucent door.
 17903 | Gauntlet | Found a transporter.
 17910 | Gauntlet | Found a transporter.
 17927 | Gauntlet | Found a transporter.
 17939 | Gauntlet | Found a large runed translucent door.
 17940 | Gauntlet | Found a large runed translucent door.
 17941 | Gauntlet | Found a large runed translucent door.
 17941 | Gauntlet | Found a large runed translucent door.
 17941 | Gauntlet | Found a large runed translucent door.
 17941 | Gauntlet | Found a large runed translucent door.
 17942 | Gauntlet | Found a runed translucent gate.
 17942 | Gauntlet | Found a large runed translucent door.
 17942 | Gauntlet | Found a runed translucent door.
 17942 | Gauntlet | Found a large runed translucent door.
 17947 | Gauntlet | Found a transporter.
 17963 | Gauntlet | Found a transporter.
 18009 | Gauntlet | Identified the ring "Puap" {rElec rC+ rN+ Int+4 SInv}
 18084 | Gauntlet | Identified the +0 cloak of Piemiumn {rPois Int+2}
 18101 | Gauntlet | Learned a level 4 spell: Fulminant Prism
 18147 | Gauntlet | Learned a level 4 spell: Dispel Undead
 18162 | Gauntlet | Reached skill level 1 in Necromancy
 18184 | Gauntlet | Identified the amulet of the Original Sin {rF+ rN++ Regen+}
 18186 | Gauntlet | Identified the ring "Pebop" {rF+ Str+5 Int+2}
 18234 | Gauntlet | Noticed a minotaur
 18243 | Gauntlet | Killed a minotaur
 18263 | Gauntlet | Identified the staff of Res Judicata {Conj Hexes Summ}
 18263 | Gauntlet | Identified the +1 leather armour "Agol" {Int+2}
 18283 | Lair:4   | Upgraded the game from 0.31-a0-1317-gdfb52cb to
                  | 0.31-a0-1320-g783b6e9
 18293 | Lair:4   | Reached XP level 14. HP: 86/86 MP: 4/32
 18749 | Lair:4   | Reached skill level 5 in Fighting
 18817 | Lair:4   | Identified the +6 quarterstaff of Exquisite Death {venom,
                  | rF+ Dex+5}
 19126 | Lair:4   | Found a viscous altar of Jiyva.
 19126 | Lair:4   | Found a staircase to the Slime Pits.
 19301 | Lair:5   | Entered Level 5 of the Lair of Beasts
 19387 | Lair:5   | Reached skill level 15 in Spellcasting
 20315 | Lair:5   | Reached skill level 1 in Evocations
 20885 | Lair:5   | Reached skill level 1 in Earth Magic
 21713 | Lair:5   | Identified the +6 trident of a Labyrinth {venom, Fly rElec
                  | Int+6 Stlth-}
 21726 | Lair:5   | Identified the staff "Ritaevvo" {rF+ Will+ Str+4 Fire}
 22214 | D:12     | Noticed a tengu reaver
 22217 | D:12     | Noticed a sphinx
 22220 | D:12     | Killed a tengu reaver
 22221 | D:12     | Reached XP level 15. HP: 78/99 MP: 10/34
 22223 | D:12     | Killed a sphinx
 22587 | Orc:1    | You fall into a shaft and drop 1 floor!
 22587 | Orc:2    | Entered Level 2 of the Orcish Mines
 22587 | Orc:2    | Found Pufajij's Book Shop.
 22587 | Orc:2    | Found Efyzuy Muno's Weapon Emporium.
 22587 | Orc:2    | Found Odao's Antique Weapon Emporium.
 22587 | Orc:2    | Found Abuq Aza's Weapon Boutique.
 22590 | Orc:2    | Reached skill level 1 in Shields
 22593 | Orc:2    | Reached skill level 2 in Shields
 22601 | Orc:2    | Reached skill level 3 in Shields
 22706 | Orc:2    | Bought a book of the Hunter for 312 gold pieces
 22710 | Orc:2    | Learned a level 3 spell: Call Canine Familiar
 22788 | Orc:2    | Found Ekuneuw's Antique Weapon Boutique.
 22878 | Orc:2    | Found a staircase to the Elven Halls.
 22879 | Orc:2    | Noticed Rupert
 22887 | Orc:2    | Killed Rupert
 23160 | Orc:2    | Noticed an orc warlord
 23167 | Orc:2    | Killed an orc warlord
 23168 | Orc:2    | Reached skill level 1 in Summonings
 23168 | Orc:2    | Reached skill level 1 in Translocations
 23308 | Orc:2    | Noticed Nessos
 23310 | Orc:2    | Nessos changed into Nessos the yaktaur
 23310 | Orc:2    | Noticed Nessos
 23315 | Orc:2    | Killed Nessos the yaktaur
 23324 | Orc:2    | Noticed Saint Roka
 23335 | Orc:2    | Killed Saint Roka
 23346 | Orc:2    | Reached skill level 4 in Shields
 23525 | Orc:2    | Noticed Sonja
 23526 | Orc:2    | Sonja changed into Sonja the acid dragon
 23526 | Orc:2    | Noticed Sonja
 23532 | Orc:2    | Killed Sonja the acid dragon
 23841 | Orc:1    | Noticed an orc warlord
 23845 | Orc:1    | Noticed an orc warlord
 23848 | Orc:1    | Killed an orc warlord
 23852 | Orc:1    | Killed an orc warlord
 23853 | Orc:1    | Reached XP level 16. HP: 108/108 MP: 2/36
 24509 | Orc:2    | Bought a book of Minor Magic for 192 gold pieces
 24512 | Orc:2    | Learned a level 2 spell: Blink
 24515 | Orc:2    | Learned a level 2 spell: Call Imp
 25730 | D:12     | Found a runed translucent door.
 25732 | D:12     | Noticed Kaofanam's ghost (journeyman DjFE)
 25737 | D:12     | Upgraded the game from 0.31-a0-1320-g783b6e9 to
                  | 0.31-a0-1321-g5021b54
 25745 | D:12     | Killed Kaofanam's ghost
 26591 | D:12     | Noticed Fannar
 26595 | D:12     | Killed Fannar
 26784 | D:12     | Noticed Gastronok
 26793 | D:12     | Killed Gastronok
 26941 | D:12     | Upgraded the game from 0.31-a0-1321-g5021b54 to
                  | 0.31-a0-1328-g013ef95
 27487 | D:13     | Found Torel's Assorted Antiques.
 27495 | D:13     | Bought a scroll labelled SITTOWI KOIR for 34 gold pieces
 27495 | D:13     | Bought a potion of heal wounds for 170 gold pieces
 27495 | D:13     | Bought a coppery potion for 30 gold pieces
 27953 | D:13     | Found a gate to the Vaults.
 28120 | D:14     | Noticed Lodul
 28129 | D:14     | Killed Lodul
 28232 | D:14     | Noticed Jorgrun
 28238 | D:14     | Killed Jorgrun
 28271 | D:14     | Found an ancient bone altar of Kikubaaqudgha.
 28338 | D:14     | Reached skill level 5 in Shields
 28379 | D:14     | Found a frozen archway.
 28450 | IceCv    | Entered an ice cave
 28518 | IceCv    | Learned a level 5 spell: Fireball
 28874 | IceCv    | Noticed an azure jelly
 28883 | IceCv    | Reached XP level 17. HP: 112/112 MP: 10/38
 29219 | IceCv    | Found a viscous altar of Jiyva.
 29256 | IceCv    | Got the Quarto of Graupel
 29259 | IceCv    | Got the ring of Apeanaxi {rC+ rN+}
 29353 | D:14     | Upgraded the game from 0.31-a0-1328-g013ef95 to
                  | 0.31-a0-1331-g3627872
 29814 | D:15     | Entered Level 15 of the Dungeon
 30168 | D:15     | Reached skill level 6 in Shields
 30175 | D:15     | Found a hide-covered altar of Uskayaw.
 30508 | D:15     | Found a staircase to the Depths.
 31004 | Spider:1 | Entered Level 1 of the Spider Nest
 31113 | Spider:1 | Identified the serpent talisman "Seeqem Lemi" {rF+}
 31113 | Spider:1 | Noticed Aizul
 31269 | Spider:1 | Reached skill level 7 in Shields
 31283 | Spider:1 | Killed Aizul
 31304 | Spider:1 | Noticed Azrael
 31322 | Spider:1 | Killed Azrael
 31629 | Spider:1 | Found a runed translucent door.
 31631 | Spider:1 | Noticed Goriov's ghost (journeyman DECj)
 31647 | Spider:1 | Noticed Donald
 31657 | Spider:1 | Killed Donald
 31676 | Spider:1 | Noticed Nikola
 31710 | Spider:1 | Killed Nikola
 31711 | Spider:1 | Reached skill level 8 in Shields
 31905 | Spider:1 | Learned a level 4 spell: Brom's Barrelling Boulder
 33026 | Spider:2 | Reached skill level 9 in Shields
 33569 | Spider:2 | Reached XP level 18. HP: 118/118 MP: 22/40
 33641 | Spider:2 | Reached skill level 5 in Conjurations
 34275 | Spider:3 | Reached skill level 10 in Shields
 34835 | Spider:4 | Entered Level 4 of the Spider Nest
 35162 | Spider:4 | Reached skill level 11 in Shields
 35266 | Spider:4 | Learned a level 3 spell: Fugue of the Fallen
 35381 | Lair:1   | Learned a level 3 spell: Stone Arrow
 36439 | Spider:4 | Reached skill level 12 in Shields
 36454 | Spider:4 | Reached XP level 19. HP: 86/124 MP: 27/41
 36455 | Spider:4 | Reached skill level 13 in Shields
 36455 | Spider:4 | Reached XP level 20. HP: 90/129 MP: 27/42
 36478 | Spider:4 | Got a gossamer rune of Zot
 36624 | Swamp:1  | Entered Level 1 of the Swamp
 36769 | Swamp:1  | Identified a scroll of acquirement
 37214 | Swamp:1  | Reached skill level 14 in Shields
 37396 | Swamp:1  | Acquired a book of Beasts
 37555 | Swamp:2  | Noticed Mlioglotl
 37761 | Swamp:2  | Noticed Frances
 37767 | Swamp:2  | Killed Frances
 37963 | Swamp:2  | Reached ****** piety under Hepliaklqana
 37990 | Swamp:2  | Reached XP level 21. HP: 124/135 MP: 31/44
 38111 | Swamp:2  | Killed Mlioglotl
 38221 | Swamp:2  | Identified the blade talisman of Indemnity {rElec rPois
                  | rF-}
 39023 | Swamp:3  | Reached skill level 15 in Shields
 40013 | Swamp:4  | Entered Level 4 of the Swamp
 40052 | Swamp:4  | Noticed Kirke
 40059 | Swamp:4  | Killed Kirke
 40273 | Swamp:4  | Found a transporter.
 40534 | Swamp:4  | Reached skill level 16 in Shields
 40604 | Swamp:4  | Got a decaying rune of Zot
 40887 | Swamp:4  | Noticed Truedra's ghost (adept DsAl)
 40895 | Swamp:4  | Found a transporter.
 41189 | Vaults:1 | Entered Level 1 of the Vaults
 41505 | Vaults:1 | Reached skill level 17 in Shields
 41888 | Vaults:1 | Reached XP level 22. HP: 126/141 MP: 13/46
 42553 | Vaults:1 | Reached skill level 18 in Shields
 42933 | Vaults:1 | Found Pufemob's Magic Scroll Shop.
 42943 | Vaults:1 | Bought a scroll of immolation for 64 gold pieces
 42990 | Vaults:1 | You fall into a shaft and drop 1 floor!
 44082 | Vaults:2 | Noticed Boris
 44085 | Vaults:2 | You fall into a shaft and drop 2 floors!
 44200 | Vaults:4 | Reached skill level 19 in Shields
 45067 | Vaults:3 | Identified the +3 kite shield "Piyboef" {Slay+2}
 45067 | Vaults:3 | Noticed Asterion
 45072 | Vaults:3 | Killed Asterion
 45247 | Vaults:3 | Reached skill level 20 in Shields
 45305 | Vaults:2 | Noticed Margery
 45314 | Vaults:2 | Killed Margery
 45317 | Vaults:2 | Reached XP level 23. HP: 103/145 MP: 5/48
 45499 | Vaults:2 | Found a runed translucent gate.
 45499 | Vaults:2 | Found a runed translucent gate.
 45499 | Vaults:2 | Found a runed translucent gate.
 45499 | Vaults:2 | Found an ancient bone altar of Kikubaaqudgha.
 45499 | Vaults:2 | Noticed a dread lich
 45500 | Vaults:2 | Noticed Jachav's ghost (veteran DECj)
 45526 | Vaults:2 | Killed a dread lich
 45533 | Vaults:2 | Killed Jachav's ghost
 45540 | Vaults:2 | Identified the +0 cloak of Inference {rN++}
 45555 | Vaults:2 | Identified the ring "Edghoch" {rF+ Str+4 Int+2}
 46054 | Vaults:2 | Found Unogyoc's Weapon Boutique.
 46152 | Vaults:2 | Identified the +3 ring mail of Salvation {Dex+3}
 46546 | Vaults:2 | Paralysed by a formless jellyfish for 1 turns
 46548 | Vaults:2 | Reached skill level 21 in Shields
 47133 | Vaults:3 | Noticed Xtahua
 47145 | Vaults:3 | Killed Xtahua
 47332 | Vaults:3 | Found a staircase to the Crypt.
 47592 | Vaults:3 | Found Emothrof's Distillery.
 47600 | Vaults:3 | Bought a potion of cancellation for 112 gold pieces
 47600 | Vaults:3 | Bought a potion of enlightenment for 70 gold pieces
 47600 | Vaults:3 | Bought a potion of brilliance for 56 gold pieces
 47600 | Vaults:3 | Bought a potion of mutation for 112 gold pieces
 47600 | Vaults:3 | Bought a potion of mutation for 112 gold pieces
 47600 | Vaults:3 | Bought 2 potions of curing for 84 gold pieces
 48321 | Vaults:3 | Reached skill level 5 in Necromancy
 49063 | Vaults:4 | Reached skill level 22 in Shields
 49502 | Vaults:5 | Entered Level 5 of the Vaults
 49510 | Vaults:5 | Reached XP level 24. HP: 152/152 MP: 32/48
 49554 | Vaults:5 | Identified the +6 chain mail "Ikentuhuci" {rC- rN++}
 49556 | Vaults:5 | Noticed a dread lich
 49565 | Vaults:5 | Killed a dread lich
 49579 | Vaults:5 | Reached skill level 23 in Shields
 49598 | Vaults:5 | Noticed an ancient lich
 49760 | Vaults:5 | Got the Folio of the Relocated Fairies
 49788 | Vaults:5 | Identified the +1 pair of gloves of the Skies Above {MP+9
                  | Stlth+}
 50149 | Vaults:5 | Learned a level 3 spell: Summon Guardian Golem
 50152 | Vaults:5 | Got a silver rune of Zot
 50345 | Vaults:5 | Killed an ancient lich
 50426 | Vaults:5 | Noticed a dread lich
 50450 | Vaults:5 | Killed a dread lich
 50739 | Vaults:5 | Identified the +11 scale mail "Waits" {+Inv Fly Regen+
                  | Int-5}
 50749 | Vaults:5 | Learned a level 6 spell: Simulacrum
 50760 | Vaults:5 | Reached skill level 10 in Stealth
 50760 | Vaults:5 | Reached skill level 1 in Ice Magic
 50860 | Vaults:5 | Reached skill level 24 in Shields
 51634 | Vaults:5 | Noticed a dread lich
 51648 | Vaults:5 | Killed a dread lich
 51812 | Vaults:5 | Got the Atlas of the Barrage
 52323 | Vaults:1 | Lost mutation: You are agile. (Dex +4, Str/Int -1) [potion
                  | of mutation]
 52323 | Vaults:1 | Gained mutation: You are somewhat resistant to further
                  | mutation. [potion of mutation]
 52570 | Elf:1    | Entered Level 1 of the Elven Halls
 52894 | Elf:1    | Learned a level 4 spell: Leda's Liquefaction
 52900 | Elf:1    | Learned a level 4 spell: Petrify
 53305 | Elf:1    | Reached XP level 25. HP: 151/157 MP: 36/48
 53417 | Elf:1    | Found Lamealew's Armour Shoppe.
 53425 | Elf:1    | Found Gacrafegho's Book Shoppe.
 53527 | Elf:1    | Found Kacsekogh's Book Shop.
 53530 | Elf:1    | Bought a book of Decay for 510 gold pieces
 53537 | Elf:1    | Learned a level 6 spell: Death Channel
 53606 | Elf:1    | Reached skill level 5 in Ice Magic
 53808 | Elf:2    | Found a portal to a secret trove of treasure.
 54068 | Elf:2    | Paralysed by an air elemental for 1 turns
 54174 | Elf:2    | Paralysed by an air elemental for 1 turns
 54285 | Elf:2    | Found a runed translucent gate.
 54286 | Elf:2    | Found a runed translucent gate.
 54286 | Elf:2    | Found a runed translucent gate.
 54579 | Elf:3    | Entered Level 3 of the Elven Halls
 54617 | Elf:3    | Paralysed by an air elemental for 1 turns
 54772 | Elf:3    | HP: 3/157 [something/icy blast (25)]
 54772 | Elf:3    | Killed from afar by a deep elf zephyrmancer

Illustrated notes

Levels and vault maps discovered:
D:1:      minmay_arrival_open_corners, layout_loops_ring
D:2:      layout_basic, basic_altar, item_on_display_a, uniq_sigmund
D:3:      wad_crossroads, layout_basic, shapermc_ecumenical_altar_mp_vishouse,
          kennysheep_nondescript, amcnicky_mini_corridor_feature,
          serial_bayou_ford_a
D:4:      layout_cave_pools, minmay_temple_entry_from_below_a
D:5:      layout_gridville, uniq_prince_ribbit1, uniq_menkaure
D:6:      layout_basic, uniq_crazy_yiuf_cottage
D:7:      layout_basic, amcnicky_altar_gilded, uniq_duvessa
D:8:      layout_gridville, serial_shops, shop
D:9:      cheibrodos_two_vegetables, layout_irregular_city,
          nicolae_qazlal_scattered_showers, orc_0_dummy
D:10:     layout_roguey, general_overflow_altar, enter_bailey_2,
          nicolae_diode_intersection
D:11:     minmay_ambush_box, layout_loops_corners, lair_entry_dummy, uniq_snorg,
          uniq_erolcha
D:12:     minmay_diamond_stairs, layout_loops_ring, ebering_ghost_inner_flame,
          uniq_fannar, uniq_gastronok
D:13:     layout_long_grid, grunt_vaults_entry_tiered, serial_shops,
          nicolae_shop_crystal, kennysheep_small_square
D:14:     layout_basic, nicolae_kikubaaqudgha_miasma_corner,
          portal_ice_cave_entry_dragon, minmay_misc_feat_x, uniq_lodul,
          uniq_jorgrun
D:15:     grunt_enter_depths_magical_seal, layout_rooms,
          nicolae_uskayaw_dance_hall, beargit_elvish_explorers
Temple:   hellmonk_temple_of_storms
Lair:1:   layout_regular_city, grunt_forest_large_clearings, grunt_megastairs_2
Lair:2:   layout_cave_pods, minmay_swamp_entry_swarm, serial_rivers,
          chequers_serial_rivers_small_a, chequers_serial_rivers_small_a,
          chequers_serial_rivers_room_b, chequers_serial_rivers_large_b,
          chequers_serial_rivers_micro_d, infiniplex_staircase_pool
Lair:3:   layout_long_grid, dummy_spider_entry, chequers_serial_rivers_small_3
Lair:4:   layout_long_grid, slime_entry_2, gauntlet_entry_generic,
          minmay_lair_oklob_bushes, nzn_random_ring, grunt_megastairs_5
Lair:5:   gammafunk_lair_ancient_temple, layout_long_grid
Swamp:1:  layout_falls_marsh, evilmike_swamp_ruin_rubble_2, swamp_pool_1_2
Swamp:2:  nicolae_swamp_secret_spriggan_hideout, layout_basic_swamp,
          nicolae_swamp_well_well_well, uniq_frances, uniq_mlioglotl
Swamp:3:  layout_basic_swamp, evilmike_swamp_ruin_rubble_1, swamp_pool_5
Swamp:4:  swamp, layout_basic_swamp, gammafunk_ghost_berserking_beasts,
          uniq_kirke
Spider:1: layout_spider_delve, gammafunk_ghost_grave, uniq_azrael, uniq_nikola,
          uniq_aizul, uniq_donald
Spider:2: layout_spider_delve, hellmonk_watch_for_rolling_rocks
Spider:3: layout_spider_delve
Spider:4: spider_rune_water, guppyfry_spider_mini_3
Orc:1:    minmay_goldmine, layout_caves, elf_legates
Orc:2:    st_orc_ogre_mass, layout_caves, basic_altar, serial_shops, shop,
          uniq_nessos, uniq_saint_roka, uniq_rupert, uniq_sonja
Elf:1:    minmay_slanted_spiral_squares, layout_gridlike, serial_shops,
          nicolae_shop_real_fake_doors, kennysheep_underground_church,
          lemuel_flamethrower_3, minmay_shop_star
Elf:2:    nicolae_elf_blades_crystal_corner, layout_rooms, enter_trove_1,
          glass_columns_b, hangedman_research_probablistics
Elf:3:    grunt_elf_hall_diamonds, layout_loops_cross, uniq_roxanne
Vaults:1: hangedman_vaults_hat, grunt_vaults_swirl,
          nicolae_vaults_border_crossing, nicolae_vaults_sightless_eye,
          st_cross, v_rooms_3, nicolae_vaults_stepped_doors,
          ontoclasm_vaults_shuriken, nicolae_vaults_storage_room_glass,
          nicolae_vaults_house_3, layout_vaults_maze, serial_shops,
          nicolae_shop_window_shopping
Vaults:2: gammafunk_ghost_crypt, kb_rosetta,
          nicolae_vaults_taking_the_gang_shopping, nicolae_vaults_big_ls,
          nicolae_vaults_double_plus_2, nicolae_vaults_alarming,
          nicolae_vaults_big_angled_halls, nicolae_vaults_rhombus_6,
          vaults_room_boxed, vaults_room_corners, nicolae_vaults_diamond_2,
          nicolae_vaults_asterisk, layout_vaults_big_room, uniq_margery,
          uniq_boris
Vaults:3: vaults_dpeg_encased_lava, serial_ice_h,
          minmay_crypt_entry_simple_walls, nicolae_vaults_closet_pinwheel_1,
          vaults_dpeg_emergency_exit, nicolae_vaults_house_3,
          hangedman_vaults_capsules, hangedman_vaults_stream,
          ontoclasm_vaults_hangar, nicolae_vaults_little_squares_3,
          layout_vaults_omnicross, serial_shops, shop, uniq_xtahua,
          uniq_asterion
Vaults:4: hangedman_vaults_impose, nicolae_vaults_spaceships,
          nicolae_vaults_steering_wheel, hangedman_vaults_maws,
          st_smaller_cells, ontoclasm_vaults_twist,
          nicolae_vaults_tetromino_L_1, nicolae_vaults_layer_cake_slice,
          hangedman_vaults_restitches, nicolae_vaults_frosty_reception,
          layout_vaults_ring
Vaults:5

Skill      XL: |  1  2  3  4  5  6  7  8  9 10 11 12 13 14 15 16 17 18 19 20 21 22 23 24 25 |
---------------+----------------------------------------------------------------------------+-----
Conjurations   | 1 2 4 6 |  6.0
Stealth        | 3 4 6 10 | 10.0
Spellcasting   | 3 4 5 7 8 10 12 13 14 15 16 17 18 19 20 21 | 21.5
Alchemy        | 5 6 7 8 10 12 14 16 18 19 20 21 | 21.0
Air Magic      | 1 |  1.0
Fire Magic     | 1 2 3 4 |  4.0
Fighting       | 2 4 7 9 |  9.0
Invocations    | 3 6 7 8 9 |  9.0
Dodging        | 6 9 |  9.0
Necromancy     | 3 4 6 7 |  7.9
Evocations     | 3 |  3.0
Earth Magic    | 1 3 |  3.0
Shields        | 4 5 9 12 13 14 17 20 22 24 | 24.6
Summonings     | 3 4 |  4.5
Translocations | 1 |  1.0
Ice Magic      | 4 6 |  6.4

Action                     |  1- 3 |  4- 6 |  7- 9 | 10-12 | 13-15 | 16-18 | 19-21 | 22-24 | 25-27 || total
---------------------------+-------+-------+-------+-------+-------+-------+-------+-------+-------++-------
  Melee: Dagger            |       |       |     3 |    56 |    58 |       |       |       |       ||   117
         Tailslap          |       |       |       |     2 |       |       |     1 |       |       ||     3
         Unarmed           |       |       |       |     7 |       |       |       |       |       ||     7
         Quick blade       |       |       |       |    25 |       |       |       |       |       ||    25
         Staff             |       |       |       |       |    38 |    79 |    33 |    74 |    15 ||   239
   Fire: Sling             |    40 |    62 |   102 |     9 |       |       |       |       |       ||   213
  Throw: Dart              |       |       |     1 |       |       |       |       |     2 |       ||     3
   Cast: Sting             |    32 |    30 |    12 |    13 |    16 |     4 |       |       |       ||   107
         Mercury Vapours   |     2 |     2 |     3 |    18 |    41 |    56 |    17 |    23 |       ||   162
         Olgreb's Toxic Ra |       |     5 |    31 |    74 |   136 |   187 |    99 |   219 |    20 ||   771
         Sticky Flame      |       |       |    30 |    67 |    40 |    42 |    25 |    47 |     1 ||   252
         Alistair's Intoxi |       |       |       |     6 |     6 |     1 |     2 |    12 |       ||    27
         Fulminant Prism   |       |       |       |       |    14 |    40 |    16 |    18 |       ||    88
         Apportation       |       |       |       |       |     5 |       |       |       |       ||     5
         Ignite Poison     |       |       |       |       |    51 |    79 |    53 |   101 |     5 ||   289
         Passwall          |       |       |       |       |     2 |     1 |       |       |       ||     3
         Mephitic Cloud    |       |       |       |       |     1 |       |       |       |       ||     1
         Call Canine Famil |       |       |       |       |     2 |       |       |       |       ||     2
         Dispel Undead     |       |       |       |       |       |     6 |    12 |    22 |     1 ||    41
         Call Imp          |       |       |       |       |       |     5 |     1 |     1 |       ||     7
         Blink             |       |       |       |       |       |     1 |     1 |       |       ||     2
         Fireball          |       |       |       |       |       |     3 |       |       |       ||     3
         Brom's Barrelling |       |       |       |       |       |     3 |       |     2 |       ||     5
         Stone Arrow       |       |       |       |       |       |     4 |    40 |    91 |     2 ||   137
         Fugue of the Fall |       |       |       |       |       |     1 |     2 |       |       ||     3
         Summon Guardian G |       |       |       |       |       |       |       |     5 |       ||     5
         Leda's Liquefacti |       |       |       |       |       |       |       |     1 |       ||     1
         Simulacrum        |       |       |       |       |       |       |       |       |    11 ||    11
         Death Channel     |       |       |       |       |       |       |       |       |     6 ||     6
 Invoke: Recall Ancestor   |       |       |       |     3 |     8 |     7 |     6 |     7 |       ||    31
         Ancestor Identity |       |       |       |     1 |       |       |       |       |       ||     1
         Ancestor Life: Kn |       |       |       |     1 |       |       |       |       |       ||     1
         Transference      |       |       |       |       |     4 |     5 |     2 |     2 |     1 ||    14
         Idealise          |       |       |       |       |     2 |     6 |     4 |     9 |     1 ||    22
  Evoke: Wand              |       |       |       |     2 |     7 |    30 |    14 |    23 |       ||    76
         Lightning rod     |       |       |       |       |     4 |     8 |     4 |     7 |       ||    23
         Tin of tremorston |       |       |       |       |     2 |     3 |     2 |       |       ||     7
         Phial of floods   |       |       |       |       |       |     2 |       |     1 |       ||     3
         Phantom mirror    |       |       |       |       |       |     1 |       |     2 |       ||     3
    Use: Scroll            |     4 |     1 |     7 |     6 |    10 |    11 |     3 |    13 |     1 ||    56
         Potion            |       |     3 |     1 |    10 |     1 |    14 |     2 |    14 |     4 ||    49
   Stab: Sleeping          |       |       |     1 |     3 |       |     4 |       |       |       ||     8
         Confused          |       |       |       |     3 |       |       |       |       |       ||     3
         Betrayed ally     |       |       |       |     2 |       |       |       |       |       ||     2
         Distracted        |       |       |       |     1 |     1 |     6 |       |       |       ||     8
 Armour: Robe              |     9 |    18 |    55 |    65 |   160 |   248 |    95 |   205 |    45 ||   900
         Steam dragon scal |       |       |       |    68 |       |       |       |       |       ||    68
         Skin              |       |       |       |    46 |       |       |       |       |       ||    46
         Leather armour    |       |       |       |       |    11 |       |       |       |       ||    11
  Dodge: Dodged            |    14 |    16 |    48 |   110 |   163 |   196 |    56 |   130 |    20 ||   753
  Block: Buckler           |       |       |       |       |    11 |    83 |       |       |       ||    94
         Kite shield       |       |       |       |       |       |    36 |    91 |    21 |       ||   148
         Reflection        |       |       |       |       |       |       |    12 |     4 |       ||    16
         Tower shield      |       |       |       |       |       |       |       |   302 |    37 ||   339

Table legend: (Time is in decaauts)
 A = Elapsed time spent in this place.
 B = Non-inter-level travel time spent in this place.
 C = Inter-level travel time spent in this place.
 D = Time resting spent in this place.
 E = Time spent auto-exploring this place.
 F = Levels seen in this place.
 G = Mean time per level.
                   A        B        C        D        E       F      G
               +--------+--------+--------+--------+--------+-----+--------+
         Total |  54760 |  49663 |   5097 |     66 |  39567 |  42 | 1303.8 |
       Dungeon |  18746 |  16241 |   2505 |     37 |  13584 |  15 | 1249.7 |
        Temple |     58 |     27 |     31 |      0 |      0 |   1 |   58.0 |
          Lair |   9106 |   8073 |   1033 |      0 |   6482 |   5 | 1821.2 |
         Swamp |   4214 |   3911 |    303 |      0 |   3063 |   4 | 1053.5 |
   Spider Nest |   4941 |   4608 |    333 |      0 |   3748 |   4 | 1235.2 |
  Orcish Mines |   2985 |   2647 |    338 |      0 |   2272 |   2 | 1492.5 |
   Elven Halls |   2231 |   2076 |    155 |      0 |   1532 |   3 |  743.7 |
        Vaults |  10802 |  10406 |    396 |     29 |   7954 |   5 | 2160.4 |
        Bailey |    267 |    267 |      0 |      0 |    161 |   1 |  267.0 |
      Ice Cave |    898 |    898 |      0 |      0 |    481 |   1 |  898.0 |
      Gauntlet |    506 |    506 |      0 |      0 |    287 |   1 |  506.0 |
               +--------+--------+--------+--------+--------+-----+--------+

Top non-repeatable levels by time:
Vaults:5: 2557 daAuts
  Lair:2: 2213 daAuts
Vaults:2: 2190 daAuts
    D:11: 2159 daAuts
Vaults:1: 2144 daAuts
Vaults:3: 2058 daAuts
  Lair:5: 1889 daAuts
Vaults:4: 1850 daAuts
  Lair:1: 1816 daAuts
     D:7: 1698 daAuts
    D:12: 1697 daAuts
     D:9: 1685 daAuts
     D:6: 1644 daAuts
  Lair:4: 1620 daAuts
  Lair:3: 1565 daAuts
